 Dungeon Crawl Stone Soup version 0.31.0-11-ge490571c62 (webtiles) character file.

Game seed: 11806123343612854000

210 qw the Skirmisher (level 5, -9/29 HPs)
             Began as a Deep Elf Hunter on Feb 4, 2024.
             Killed by psychic fangs
             ... invoked by a brain worm
              (12 damage)
             ... in a sewer.
             The game lasted 00:00:08 (2029 turns).

qw the Skirmisher (Deep Elf Hunter)                 Turns: 2029, Time: 00:00:08

Health: -9/29      AC:  9    Str: 10    XL:     5   Next: 57%
Magic:  0/7        EV: 11    Int: 14    God:
Gold:   63         SH:  0    Dex: 20    Spells: 4/4 levels left

rFire   . . .        a - +1 shortbow
rCold   . . .        (shield currently unavailable)
rNeg    . . .        e - +0 ring mail
rPois   +            c - +2 helmet "Loatt" {Dex+2}
rElec   .            g - +0 cloak
rCorr   .            (no gloves)
SInv    +            (no boots)
Will    .....        o - amulet of guardian spirit
Stlth   +            f - ring of poison resistance
HPRegen 0.24/turn    d - ring of see invisible
MPRegen 0.10/turn

%: guardian spirit
@: about to teleport, very slow
A: no striking features
a: no special abilities


You were in a sewer.
You visited 1 branch of the dungeon, and saw 3 of its levels.
You also visited: Sewer.

You collected 63 gold pieces.


   Skills:
 + Level 1.6 Fighting
 - Level 9.1 Ranged Weapons
 - Level 2.4 Dodging
 - Level 1.2 Stealth


You had 4 spell levels left.
You didn't know any spells.
Your spell library was empty.

Inventory:

Hand Weapons
 a - a +1 shortbow (weapon)
Armour
 c - the +2 helmet "Loatt" (worn) {Dex+2}
   (You acquired it on level 2 of the Dungeon)

   Dex+2:     It affects your dexterity (+2).
 e - a +0 ring mail (worn)
 g - a +0 cloak (worn)
Jewellery
 d - a ring of see invisible (right hand)
 f - a ring of poison resistance (left hand)
 o - an amulet of guardian spirit (around neck)
 Y - a ring of protection from cold
Scrolls
 j - 2 scrolls of teleportation
Potions
 b - a potion of cancellation
 h - a potion of curing {unknown}
 i - a potion of lignification {unknown}
 k - a potion of invisibility {unknown}
 l - 2 potions of enlightenment

Dungeon Overview and Level Annotations

Branches:
Dungeon (3/15)              Sewer (1/1)

Altars:

Annotations:
Sewer Pargi


Message History

Pargi barely misses you.
You shoot an arrow. The arrow closely misses Pargi.
The brain worm's bulging head throbs.
Something gnaws on your mind!
You feel your power leaking away. Pargi completely misses you.
Pargi closely misses you. x2
You shoot an arrow. The arrow closely misses Pargi.
Pargi barely misses you. Pargi misses you. Pargi claws you but does no damage.
You shoot an arrow. The arrow completely misses Pargi.
Pargi misses you. Pargi claws you but does no damage.
Pargi completely misses you.
The brain worm's bulging head throbs.
Something gnaws on your mind!
You feel your power leaking away.
You shoot an arrow. The arrow barely misses Pargi.
Pargi bites you but does no damage. Pargi claws you but does no damage. x2
You shoot an arrow. The arrow hits Pargi.
Pargi is lightly wounded.
Pargi misses you. Pargi completely misses you. Pargi barely misses you.
You shoot an arrow.
The arrow hits Pargi but does no damage.
Pargi is lightly wounded.
Pargi closely misses you. Pargi claws you. Pargi barely misses you.
You shoot an arrow. The arrow hits Pargi.
Pargi is lightly wounded.
Pargi bites you but does no damage. Pargi claws you but does no damage. x2
Pargi bites you. Pargi completely misses you.
Pargi claws you but does no damage.
You shoot an arrow. The arrow hits Pargi.
Pargi is lightly wounded.
The brain worm's bulging head throbs.
Something gnaws on your mind!
You feel your power leaking away. Pargi bites you.
Pargi claws you but does no damage. x2
2029 ||| READING 3 scrolls of teleportation.
As you read the scroll of teleportation, it crumbles to dust.
You feel strangely unstable.
The brain worm's bulging head throbs.
Something gnaws heavily on your mind!
You die...

~~~~~~~~~~~~~###
~~~~~~~~~~~~~~~#
~~~~~~~~~~~~~~~##
~~~~~~~~~~~~~~~~#
~~~~~~~~~~~~~~~~###
~~~~~~~~~~~~~~~~~~#
~~~.~~~~~~~~~~~~~~###
#~.~@..~~~~~~~~~~#
###T#..#~~~~~~~~~##
#w####..~~~~~~~~## #.
##.~~~~~~~~~## #.
##.~~~~~~~~~# #~
#~~~~~~~~~~# #.
#.~~~~~~~~~# #~
##.~~~~~~~~#
##.~~~~~~~#


You could see Pargi and a brain worm.

Vanquished Creatures
  A brain worm (Sewer)
  8 adders
  A river rat (D:3)
  3 ribbon worms
  4 bats
  3 endoplasms
  4 giant cockroaches
  3 goblins
  7 hobgoblins
  5 kobolds
  2 quokkas
  6 ball pythons
  7 frilled lizards
  5 rats
59 creatures vanquished.

Notes
Turn   | Place    | Note
-------+----------+-------------------------------------------
     0 | D:1      | qw the Deep Elf Hunter began the quest for the Orb.
     0 | D:1      | Reached XP level 1. HP: 12/12 MP: 3/3
     0 | D:1      | 0 ||| qw: Version: 0.3-a-160-g6735b56
     0 | D:1      | 0 ||| qw: Game counter: 4379
     0 | D:1      | 0 ||| qw: Melee chars always use a shield: true
     0 | D:1      | 0 ||| qw: God list: Okawaru
     0 | D:1      | 0 ||| qw: Allow faded altars: false
     0 | D:1      | 0 ||| qw: Do Orc after clearing Dungeon:15 true
     0 | D:1      | 0 ||| qw: Do second Lair branch before Depths: true
     0 | D:1      | 0 ||| qw: Lair rune preference: random
     0 | D:1      | 0 ||| qw: Goals: Normal
     0 | D:1      | 0 ||| PLANNING D:1-11
   136 | D:1      | Reached XP level 2. HP: 16/16 MP: 4/4
   187 | D:1      | Reached skill level 6 in Ranged Weapons
   237 | D:1      | HP: 1/16 [hobgoblin/sling bullet (7)]
   645 | D:1      | 645 ||| UPGRADING to +0 ring mail.
   655 | D:1      | 655 ||| DROPPING +0 leather armour.
   656 | D:1      | 656 ||| UPGRADING to +0 helmet.
   661 | D:1      | 661 ||| UPGRADING to amulet of guardian spirit.
   666 | D:1      | 666 ||| UPGRADING to ring of poison resistance.
   667 | D:1      | 667 ||| UPGRADING to ring of protection from cold.
   668 | D:1      | 668 ||| READING scroll labelled YGYAFANG YXUSS.
   669 | D:1      | 669 ||| READING scroll labelled RUG FILONG.
   670 | D:1      | 670 ||| READING 2 scrolls labelled DEONUE ZINY.
   673 | D:1      | 673 ||| READING scroll labelled QOUNTU VYPEIS.
   674 | D:1      | 674 ||| READING scroll labelled COLA QENUFENN.
   674 | D:1      | 674 ||| ENCHANTING +0 shortbow.
   675 | D:1      | 675 ||| READING scroll labelled RUYXZURIOKK.
   675 | D:1      | 675 ||| ENCHANTING +0 helmet.
   676 | D:1      | 676 ||| DROPPING scroll of butterflies.
   685 | D:2      | Reached XP level 3. HP: 19/20 MP: 3/5
   835 | D:2      | Reached skill level 7 in Ranged Weapons
  1498 | D:2      | 1498 ||| UPGRADING to ring of see invisible.
  1500 | D:2      | 1500 ||| READING 3 scrolls labelled EGUDUG ISYJ.
  1500 | D:2      | 1500 ||| IDENTIFYING sedimented amethyst potion
  1501 | D:2      | 1501 ||| READING 2 scrolls of identify.
  1501 | D:2      | 1501 ||| IDENTIFYING purple potion
  1502 | D:2      | 1502 ||| READING scroll of identify.
  1502 | D:2      | 1502 ||| IDENTIFYING 2 gluggy blue potions
  1503 | D:2      | 1503 ||| READING scroll labelled TODWOO EWEGOAN.
  1503 | D:2      | Identified a scroll of acquirement
  1503 | D:2      | 1503 ||| ACQUIRING +2 helmet "Loatt" {Dex+2}
  1503 | D:2      | Acquired the +2 helmet "Loatt" {Dex+2}
  1505 | D:2      | 1505 ||| UPGRADING to +2 helmet "Loatt" {Dex+2}.
  1515 | D:2      | 1515 ||| DROPPING +1 helmet.
  1516 | D:2      | 1516 ||| DROPPING potion of attraction.
  1560 | D:3      | 1560 ||| PLANNING SEWER
  1577 | D:3      | Reached XP level 4. HP: 25/25 MP: 6/6
  1765 | D:3      | Reached skill level 8 in Ranged Weapons
  1864 | D:3      | Reached XP level 5. HP: 17/29 MP: 4/7
  1915 | D:3      | Found a glowing drain.
  1916 | D:3      | 1916 ||| UPGRADING to +0 cloak.
  1930 | Sewer    | Entered a sewer
  1957 | Sewer    | Reached skill level 9 in Ranged Weapons
  2017 | Sewer    | Noticed Pargi
  2028 | Sewer    | HP: 3/29 [Pargi (5)]
  2029 | Sewer    | 2029 ||| READING 3 scrolls of teleportation.
  2029 | Sewer    | Killed from afar by a brain worm

Levels and vault maps discovered:
D:1:      dpeg_arrival_prison, layout_loops_ring
D:2:      layout_loops_corners, nicolae_titane
D:3:      gammafunk_steamed_eel, layout_loops_ring, good_gods_temple_1,
          portal_sewer_entry_b, minmay_quadrilaterals
Sewer:    sewer_co_pargi_island

Skill      XL: |  1  2  3  4  5 |
---------------+----------------+-----
Ranged Weapons | 6 7 8 9 |  9.1
Fighting       | |  1.6
Dodging        | |  2.4
Stealth        | |  1.2

Action                     |  1- 3 |  4- 6 || total
---------------------------+-------+-------++-------
   Fire: Shortbow          |    87 |    96 ||   183
    Use: Scroll            |    10 |     1 ||    11
 Armour: Leather armour    |     9 |       ||     9
         Ring mail         |     4 |    55 ||    59
  Dodge: Dodged            |     8 |    54 ||    62

Table legend:
 A = Non-vault XP
 B = Vault XP
 C = Vault XP percentage of total XP
 D = Non-vault monster count
 E = Vault monster count
 F = Vault count percentage of total count
                 A         B        C        D         E       F
            +---------+---------+-------+---------+---------+-------
      Total |     154 |     147 |  48.8 |      44 |      15 |  25.4
            +---------+---------+-------+---------+---------+-------
        D:1 |      29 |       3 |   9.4 |      17 |       2 |  10.5
        D:2 |      54 |       0 |   0.0 |      15 |       0 |   0.0
        D:3 |      71 |      44 |  38.3 |      12 |       7 |  36.8
      Sewer |       0 |     100 | 100.0 |       0 |       6 | 100.0
            +---------+---------+-------+---------+---------+-------
